 Dungeon Crawl Stone Soup version 0.18.1-1-g2f07953 (webtiles) character file.

228674 MTVSty1e the Slayer (level 19, -20/190 HPs)
             Began as a Minotaur Fighter on May 7, 2016.
             Was the Champion of Trog.
             Killed from afar by a bog body (24 damage)
             ... with a bolt of cold
             ... on level 4 of the Swamp.
             The game lasted 03:15:16 (39635 turns).

MTVSty1e the Slayer (Minotaur Fighter)             Turns: 39635, Time: 03:15:17

Health: -20/190    AC: 30    Str: 35    XL:     19   Next: 8%
Magic:  20/20      EV: 14    Int:  5    God:    Trog [******]
Gold:   2499       SH:  4    Dex: 10    Spells: 0 memorised, 18 levels left

rFire  . . .     SeeInvis +     Y - +6 morningstar of Disorder {flame, +Fly Stlth+}
rCold  . . .     Gourm    .     t - +2 plate armour {MR+}
rNeg   . . .     Faith    .     (no shield)
rPois  .         Spirit   .     G - +0 hat {MR+}
rElec  .         Dismiss  .     k - +2 cloak
rCorr  .         Reflect  +     R - +0 pair of gloves
SustAt .         Harm     .     Z - +2 pair of boots {run}
MR     +++..                    N - amulet of Wiffisy {Reflect +Blink SH+2}
Stlth  ..........               n - ring of see invisible
                                C - +6 ring of strength

@: exhausted, slowed, very slow, extremely resistant to hostile enchantments,
extremely unstealthy
A: retaliatory headbutt, claws 1, horns 2, large bone plates 1, low mp 1,
evolution 1
a: Berserk, Trog's Hand, Brothers in Arms, Burn Spellbooks, Renounce Religion,
Evoke Blink, Evoke Flight


You were on level 4 of the Swamp.
You worshipped Trog.
Trog was exalted by your worship.
You were not hungry.

You visited 6 branches of the dungeon, and saw 33 of its levels.
You visited the Abyss 1 time.
You also visited: Labyrinth, Sewer and Ice Cave.

You collected 4729 gold pieces.
You spent 2230 gold pieces at shops.

Inventory:

Hand Weapons
 O - a +7 executioner's axe of pain
 U - a +6 antimagic broad axe
 Y - the +6 morningstar of Disorder (weapon) {flame, +Fly Stlth+}
   (You bought it in a shop on level 2 of the Orcish Mines)

   It has been specially enchanted to burn those struck by it, causing extra
   injury to most foes and up to half again as much damage against particularly
   susceptible opponents.
   It lets you fly.
   It makes you more stealthy.
Armour
 k - a +2 cloak (worn)
 t - a +2 plate armour of magic resistance (worn)
 G - a +0 hat of magic resistance (worn)
 R - a +0 pair of gloves (worn)
 V - a +0 shield of reflection
 Z - a +2 pair of boots of running (worn)
Jewellery
 j - an uncursed ring of protection from fire
 n - a ring of see invisible (right hand)
 u - the ring of Soanep {*Tele Slay+2}
   (You found it on level 3 of the Elven Halls)

   [ring of teleportation]

   It may teleport you next to monsters.
   It affects your accuracy and damage with ranged weapons and melee attacks
   (+2).
 B - an uncursed ring of positive energy
 C - a +6 ring of strength (left hand)
 K - an uncursed ring of ice
 M - an uncursed ring of protection from magic
 N - the amulet of Wiffisy (around neck) {Reflect +Blink SH+2}
   (You bought it in a shop on level 1 of the Elven Halls)

   [amulet of reflection]

   It shields you and reflects attacks.
   It lets you blink.
   It affects your SH (+2).
Wands
 b - a wand of digging (3/24)
 o - a wand of lightning (5/15)
 s - a wand of iceblast (3/15)
 x - a wand of disintegration (15/24)
 z - a wand of paralysis (5/24)
 E - a wand of heal wounds (0/9)
 P - a wand of flame (25/48)
 Q - a wand of disintegration (13/24)
 W - a wand of random effects (19/48)
Scrolls
 g - 3 scrolls of fog
 h - 12 scrolls of teleportation
 r - 18 scrolls of remove curse
 D - a scroll of silence
 F - 4 scrolls of magic mapping
 I - a scroll of enchant armour
 L - 2 scrolls of recharging
Potions
 d - 5 potions of flight
 f - 3 potions of ambrosia
 i - 8 potions of magic
 l - 5 potions of brilliance
 p - a potion of heal wounds
 v - 2 potions of haste
 w - 2 potions of cancellation
 A - 2 potions of mutation
 H - a potion of invisibility
 T - 4 potions of agility
Miscellaneous
 a - a plain deck of changes {drawn: 1}
 c - an ornate deck of war {drawn: 2}
 e - a plain deck of wonders {drawn: 1}
 m - a plain deck of defence {drawn: 1}
 S - a sack of spiders {used: 1}
Comestibles
 J - 28 fruits
 X - 2 bread rations


   Skills:
 * Level 21.5 Fighting
 + Level 19.9 Axes
   Level 2.7(13.7) Polearms
 + Level 15.3 Armour
 * Level 13.2 Dodging
 - Level 17.1 Shields
 - Level 6.2 Evocations


You had 18 spell levels left.
You didn't know any spells.

Dungeon Overview and Level Annotations

Branches:
Dungeon (15/15)            Temple (1/1) D:5            Lair (8/8) D:10
  Swamp (4/4) Lair:3       Spider (0/4) Lair:5        Slime (0/6) Lair:8
    Orc (2/2) D:10            Elf (3/3) Orc:2        Vaults (0/5) D:13
 Depths (0/5) D:15

Altars:
Ashenzari
Cheibriados
Dithmenos
Elyvilon
Fedhas
Gozag
Kikubaaqudgha
Makhleb
Pakellas
Qazlal
Ru
Sif Muna
Trog
Vehumet
Xom
Zin
The Shining One
Jiyva

Shops:
D:6 [   D:15 }   Orc:2 }([*   Elf:1 =!   Elf:2 (

Portals:
Trove: Elf:1 (give +4 demon whip)


Innate Abilities, Weirdness & Mutations

You reflexively headbutt those who attack you in melee.
You have a pair of horns on your head.
You have sharp fingernails.
You are partially covered in large bone plates (AC +2, SH +2).
Your magical capacity is low (-10% MP).
You evolve.


Message History

The eight-headed hydra bites you but does no damage.
The bog body barely misses you. The bog body closely misses you.
The five-headed hydra bites you but does no damage. x2
The five-headed hydra misses you.
The five-headed hydra bites you but does no damage.
The five-headed hydra closely misses you.
The eight-headed hydra bites you.
* * * LOW HITPOINT WARNING * * *
The eight-headed hydra bites you but does no damage.
The eight-headed hydra barely misses you.
The eight-headed hydra bites you but does no damage.
The eight-headed hydra misses you.
The eight-headed hydra bites you but does no damage.
The eight-headed hydra closely misses you.
The eight-headed hydra bites you but does no damage.
You continue putting on your +0 shield of reflection.
You feel less confused.
The bog body points at you and mumbles some strange words.
The bolt of cold hits you!
You die...

♣≈.♣♣≈^.§≈.≈♣♣
≈≈.♣♣♣..≈≈≈..♣
≈≈ ♣≈.≈≈.≈≈≈.♣
♣♣≈.≈§≈≈≈.♣
♣♣♣♣.†≈.♣♣
♣≈≈≈≈≈♣
♣.≈≈.♣♣ ♣♣
♣♣.≈≈.♣♣≈♣
♣♣♣..D@.♣
♣.†Dnk♣
♣..≈≈≈≈≈§≈≈≈≈
♣..≈≈≈≈≈≈≈♣≈≈≈
♣..§≈≈≈≈..♣
♣.≈
♣.≈≈≈≈≈≈≈.♣ ≈
♣.≈≈≈≈≈≈≈≈♣
$≈≈≈≈≈≈≈.♣♣
≈≈.k≈≈≈≈≈§♣


You could see an eight-headed hydra, a five-headed hydra, a bog body and a swamp
drake.

Vanquished Creatures
  Norris (Elf:3)
  A bone dragon (Abyss:4)
  Rupert (D:15)
  2 deep elf blademasters (Elf:3)
  A deep elf master archer (Elf:3)
  Frances (Elf:1)
  2 tentacled starspawn (Abyss:4)
  2 thorn hunters (Swamp:3)
  Gastronok (D:8)
  Roxanne (Swamp:2)
  Donald (Elf:1)
  4 deep elf sorcerers (Elf:3)
  A frost giant (IceCv)
  An orc warlord (Orc:1)
  Louise (Elf:1)
  Aizul (Swamp:2)
  6 deep elf elementalists
  8 deep elf demonologists
  7 deep elf annihilators
  A dire elephant (D:15)
  2 deep elf death magi (Elf:3)
  3 large abominations
  Snorg (Orc:2)
  3 vault guards
  The ghost of puimuR the Grappler, a journeyman TrWr of the Shining One (Orc:2)
  Josephine (D:12)
  A minotaur (Lab)
  3 deep elf high priests
  17 hydras
  3 centaur warriors
  A catoblepas (D:13)
  2 ghost crabs (Swamp:3)
  10 alligators
  26 dancing weapons
  2 ogre magi (Orc:2)
  2 death yaks (IceCv)
  A tengu warrior (D:13)
  The ghost of lightmor the Grappler, a journeyman VSMo of Cheibriados (D:10)
  Sonja (Lair:3)
  21 deep elf knights
  An iron troll (Orc:2)
  2 wretched stars (Abyss:4)
  8 skeletal warriors
  A deep troll (Orc:2)
  3 shambling mangroves
  An unseen horror (D:12)
  4 swamp dragons
  10 hill giants
  The ghost of CcS the Cleaver, a novice MiBe of Trog (D:8)
  11 deep elf archers
  An orc knight (Elf:1)
  A lindwurm (Lair:8)
  13 ugly things
  A wolf spider (D:15)
  Pikel (D:5)
  8 cyclopes
  47 deep elf magi
  4 oklob plants
  A griffon (Lair:7)
  A sixfirhy (Abyss:4)
  2 hornets
  A manticore (D:9)
  2 centaur zombies (D:15)
  An ice statue (IceCv)
  A black mamba (Lair:2)
  6 elephants (Lair:7)
  2 smoke demons (Abyss:4)
  The ghost of CcS the Chopper, a novice MiBe of Trog (D:7)
  Maurice (Orc:2)
  A torpor snail (Lair:7)
  Joseph (D:8)
  2 gargoyles (Lab)
  19 spiny frogs
  5 yaktaurs (D:15)
  A yaktaur (shapeshifter) (D:15)
  3 tengu conjurers
  5 rime drakes
  An efreet (Abyss:4)
  2 spriggan druids
  2 kobold demonologists (D:13)
  11 komodo dragons
  24 polar bears
  3 hellwings (Abyss:4)
  11 trolls
  Prince Ribbit (D:7)
  A queen bee (D:12)
  A minotaur skeleton (Lab)
  9 blink frogs
  8 two-headed ogres
  19 slime creatures
  5 giant leeches
  9 bog bodies
  A boulder beetle (Lair:8)
  3 raiju (Abyss:4)
  3 shadows
  14 redbacks
  17 spriggans
  5 air elementals
  A ynoxinul (Abyss:4)
  2 water elementals
  3 vampires
  4 wraiths (D:12)
  A human (shapeshifter) (Elf:1)
  43 yaks
  2 wyverns
  A hippogriff (shapeshifter) (Abyss:4)
  3 golden eyes (Abyss:4)
  15 vampire mosquitoes
  7 basilisks
  6 hungry ghosts
  10 hippogriffs
  A neqoxec (Abyss:4)
  A steam dragon (D:10)
  Menkaure (D:5)
  Grum (Lair:1)
  3 wargs
  A soldier ant (D:10)
  12 swamp worms
  12 insubstantial wisps
  Edmund (D:5)
  2 mottled dragons
  19 water moccasins
  14 porcupines
  13 orc warriors
  14 wasps
  6 sky beasts
  2 small abominations (Abyss:4)
  7 swamp drakes
  11 black bears
  4 ice beasts
  22 ogres
  5 phantoms
  A necrophage (D:15)
  54 wolves
  11 centaurs
  12 crocodiles
  4 big kobolds
  21 giant frogs
  4 wyvern zombies
  10 earth elementals
  2 scorpions
  26 killer bees
  2 vampire bats (Lair:4)
  9 wights
  2 electric eels (D:13)
  A howler monkey (D:4)
  4 crimson imps
  4 giant frog zombies
  A wasp zombie (D:8)
  6 starcursed masses (Abyss:4)
  6 hounds
  3 quasits
  A wyvern simulacrum (D:12)
  7 jellies
  2 giant frog skeletons
  3 centaur skeletons
  20 orc priests
  Jessica (D:7)
  Ijyb (D:3)
  9 iguanas
  16 orc wizards
  9 worker ants
  2 hell rats (Lair:7)
  20 sheep
  2 hound skeletons
  2 howler monkey zombies
  Robin (D:3)
  5 gnolls
  11 adders
  A howler monkey skeleton (D:7)
  56 river rats
  6 shadow imps
  6 oozes
  3 adder skeletons
  3 worms
  2 dart slugs
  10 giant geckos
  82 orcs
  4 ball pythons
  13 bats
  9 giant cockroaches
  16 goblins
  11 hobgoblins
  18 jackals
  9 quokkas
  A giant gecko skeleton (D:5)
  5 giant newts
  35 kobolds
  A quokka zombie (D:6)
  12 rats
  5 bushes
  6 fungi
  9 plants
  2 starspawn tentacles (Abyss:4)
1340 creatures vanquished.

Vanquished Creatures (collateral kills)
  Saint Roka (Orc:2)
  A vault guard (D:13)
  An orb spider (Abyss:4)
  An ugly thing (D:15)
  3 golden eyes (Abyss:4)
7 creatures vanquished.

Vanquished Creatures (others)
  A deep elf master archer (Elf:3)
  2 deep elf knights (Elf:2)
  5 deep elf archers
  A deep elf mage (Elf:3)
  2 spriggans (Lair:8)
  A hound (D:5)
  A quokka (D:2)
  8 bushes
  16 fungi
  5 plants
  3 starspawn tentacles (Abyss:4)
45 creatures vanquished.

Grand Total: 1392 creatures vanquished

Notes
Turn   | Place    | Note
--------------------------------------------------------------
     0 | D:1      | MTVSty1e the Minotaur Fighter began the quest for the Orb.
     0 | D:1      | Reached XP level 1. HP: 19/19 MP: 0/0
   135 | D:1      | Reached XP level 2. HP: 27/27 MP: 1/1
   281 | D:1      | Reached skill level 4 in Fighting
   281 | D:1      | Reached XP level 3. HP: 22/33 MP: 2/2
   511 | D:1      | Reached skill level 1 in Dodging
  1019 | D:2      | Reached XP level 4. HP: 40/40 MP: 3/3
  1289 | D:2      | Found a white marble altar of Elyvilon.
  1740 | D:3      | Reached XP level 5. HP: 47/47 MP: 4/4
  1877 | D:3      | Noticed Ijyb
  1888 | D:3      | Killed Ijyb
  1989 | D:3      | Found a glowing drain.
  2007 | Sewer    | Entered a sewer
  2020 | Sewer    | Reached XP level 6. HP: 15/53 MP: 5/5
  2303 | Sewer    | Reached skill level 5 in Armour
  2303 | Sewer    | Reached skill level 5 in Shields
  2320 | Sewer    | Found a white marble altar of Elyvilon.
  2920 | D:3      | Noticed Robin
  2930 | D:3      | Killed Robin
  3217 | D:4      | Reached skill level 5 in Fighting
  3365 | D:4      | Reached XP level 7. HP: 59/61 MP: 6/6
  3378 | D:4      | Reached skill level 1 in Evocations
  3539 | D:4      | Found an oddly glowing altar of Pakellas.
  3539 | D:4      | Found an ancient bone altar of Kikubaaqudgha.
  3874 | D:5      | Entered Level 5 of the Dungeon
  4027 | D:5      | Noticed Menkaure
  4032 | D:5      | Killed Menkaure
  4067 | D:5      | Reached XP level 8. HP: 40/69 MP: 8/8
  4265 | D:5      | Reached skill level 5 in Dodging
  4275 | D:5      | Reached skill level 6 in Fighting
  4275 | D:5      | Reached skill level 5 in Axes
  4463 | D:5      | Found a staircase to the Ecumenical Temple.
  4471 | Temple   | Entered the Ecumenical Temple
  4602 | Temple   | Became a worshipper of Trog the Wrathful
  4795 | D:5      | Noticed Edmund
  4815 | D:5      | Killed Edmund
  4834 | D:5      | Noticed Pikel
  4840 | D:5      | Killed Pikel
  4840 | D:5      | Reached skill level 7 in Fighting
  4840 | D:5      | Reached XP level 9. HP: 76/79 MP: 10/10
  5820 | D:6      | Found Zaogahae's Antique Armour Emporium.
  5984 | D:6      | Reached * piety under Trog
  6165 | D:6      | Found a sacrificial altar of Ru.
  6527 | D:7      | Noticed CcS's ghost (novice MiBe)
  6545 | D:7      | Killed CcS's ghost
  6717 | D:7      | Noticed Jessica
  6718 | D:7      | Noticed Prince Ribbit
  6733 | D:7      | Killed Prince Ribbit
  6737 | D:7      | Killed Jessica
  6743 | D:7      | Found a deep blue altar of Sif Muna.
  7057 | D:8      | Noticed Joseph
  7079 | D:8      | Killed Joseph
  7079 | D:8      | Reached skill level 8 in Fighting
  7079 | D:8      | Reached skill level 5 in Evocations
  7079 | D:8      | Reached XP level 10. HP: 54/88 MP: 12/12
  7172 | D:8      | Reached ** piety under Trog
  7220 | D:8      | Found a blossoming altar of Fedhas.
  7220 | D:8      | Noticed Gastronok
  7243 | D:8      | Killed Gastronok
  7243 | D:8      | Reached skill level 9 in Fighting
  7281 | D:8      | Noticed CcS's ghost (novice MiBe)
  7289 | D:8      | Killed CcS's ghost
  7566 | D:8      | Found a blossoming altar of Fedhas.
  7589 | D:8      | Noticed an oklob plant
  7633 | D:8      | Killed an oklob plant
  7928 | D:9      | Found a shimmering altar of Xom.
  7930 | D:9      | Found a radiant altar of Vehumet.
  8130 | D:9      | Gained mutation: Your muscles are strong. (Str +2) [potion of beneficial mutation]
  8264 | D:9      | Noticed a manticore
  8289 | D:9      | Killed a manticore
  8289 | D:9      | Reached XP level 11. HP: 99/99 MP: 14/14
  8330 | D:9      | Found a snail-covered altar of Cheibriados.
  8380 | D:9      | Reached *** piety under Trog
  8476 | D:10     | Entered Level 10 of the Dungeon
  8476 | D:10     | Noticed a hill giant
  8480 | D:10     | Killed a hill giant
  8575 | D:10     | Found a staircase to the Orcish Mines.
  8663 | D:10     | Noticed lightmor's ghost (journeyman VSMo)
  8688 | D:10     | Killed lightmor's ghost
  8688 | D:10     | Reached skill level 10 in Fighting
  8809 | D:10     | Reached skill level 10 in Shields
  8996 | D:10     | Noticed a hill giant
  9002 | D:10     | Killed a hill giant
  9086 | D:10     | Found a staircase to the Lair.
  9776 | D:11     | Reached skill level 11 in Fighting
  9779 | D:11     | Reached **** piety under Trog
  9891 | D:11     | Noticed a hill giant
  9899 | D:11     | Killed a hill giant
  9899 | D:11     | Reached skill level 10 in Axes
 10417 | D:12     | Got a pitted chain mail
 10418 | D:12     | Identified the +4 chain mail "Qeucseit" {*Confuse rCorr Str+5} (You found it on level 12 of the Dungeon)
 10423 | D:12     | Gained mutation: Armour fits poorly on your strangely shaped body. [potion of mutation]
 10423 | D:12     | Gained mutation: You expend magic power (3 MP) to strengthen your wands. [potion of mutation]
 10423 | D:12     | Gained mutation: You have sharp toenails. [potion of mutation]
 10489 | D:12     | Killed an unseen horror
 10547 | D:12     | Reached XP level 12. HP: 68/110 MP: 15/15
 10629 | D:12     | Got a dazzling falchion
 10639 | D:12     | Identified the +4 falchion "Wahath" {slice, rF++ Dex+2} (You found it on level 12 of the Dungeon)
 10749 | D:12     | Reached skill level 12 in Fighting
 10785 | D:12     | Gained mutation: Your natural rate of healing is unusually fast. [potion of beneficial mutation]
 10997 | D:12     | Reached skill level 10 in Armour
 11348 | D:12     | Reached ***** piety under Trog
 11457 | D:12     | Noticed Josephine
 11465 | D:12     | Killed Josephine
 11790 | D:13     | Noticed a vault guard
 11813 | D:13     | Received a gift from Trog
 11908 | D:13     | Noticed a catoblepas
 11932 | D:13     | Noticed a tengu warrior
 11945 | D:13     | Noticed a five-headed hydra
 11959 | D:13     | Killed a five-headed hydra
 11959 | D:13     | Reached skill level 13 in Fighting
 11987 | D:13     | Killed a tengu warrior
 12129 | D:13     | Noticed a centaur warrior
 12137 | D:13     | Killed a centaur warrior
 12332 | D:13     | Found a gate to the Vaults.
 12335 | D:13     | Reached XP level 13. HP: 122/122 MP: 5/16
 12342 | D:13     | Noticed a vault guard
 12351 | D:13     | Killed a vault guard
 12476 | D:13     | Noticed a vault guard
 12489 | D:13     | Killed a vault guard
 12756 | D:13     | Killed a vault guard
 13315 | D:14     | Reached skill level 14 in Fighting
 13764 | D:14     | Reached skill level 1 in Polearms
 14129 | D:15     | Entered Level 15 of the Dungeon
 14129 | D:15     | Found Bohieb's Gadget Boutique.
 14134 | D:15     | Bought an ornate deck of war for 320 gold pieces
 14221 | D:15     | Noticed a vault guard
 14240 | D:15     | Killed a vault guard
 14444 | D:15     | Noticed a dire elephant
 14456 | D:15     | Reached skill level 10 in Dodging
 14465 | D:15     | Killed a dire elephant
 14476 | D:15     | Found a staircase to the Depths.
 14730 | D:15     | Reached skill level 15 in Fighting
 14739 | D:15     | Reached XP level 14. HP: 100/135 MP: 5/17
 15255 | D:15     | Noticed Rupert
 15268 | D:15     | Killed Rupert
 15268 | D:15     | Received a gift from Trog
 15841 | Lair:1   | Entered Level 1 of the Lair of Beasts
 15904 | Lair:1   | Noticed Grum
 15914 | Lair:1   | Killed Grum
 16786 | Lair:2   | Received a gift from Trog
 17377 | Lair:3   | Found a staircase to the Swamp.
 17383 | Lair:3   | Noticed Sonja
 17413 | Lair:3   | Killed Sonja
 17621 | Lair:3   | Reached skill level 16 in Fighting
 17762 | Lair:3   | Found a frozen archway.
 17774 | IceCv    | Entered an ice cave
 17923 | IceCv    | Lost mutation: You have sharp toenails. [potion of cure mutation]
 17923 | IceCv    | Lost mutation: You expend magic power (3 MP) to strengthen your wands. [potion of cure mutation]
 17923 | IceCv    | Lost mutation: Your natural rate of healing is unusually fast. [potion of cure mutation]
 17923 | IceCv    | Lost mutation: Your muscles are strong. (Str +2) [potion of cure mutation]
 17923 | IceCv    | Lost mutation: Armour fits poorly on your strangely shaped body. [potion of cure mutation]
 18111 | IceCv    | Noticed a frost giant
 18120 | IceCv    | Reached ****** piety under Trog
 18131 | IceCv    | Received a gift from Trog
 18145 | IceCv    | Killed a frost giant
 18213 | IceCv    | Got a bound jade amulet
 18295 | IceCv    | Identified the amulet "Geifeodu" {Gourm MR+ Dex+5 Stlth+} (You found it in an ice cave)
 19319 | Lair:4   | Found a labyrinth entrance.
 19339 | Lab      | Entered a labyrinth
 19481 | Lab      | Reached XP level 15. HP: 128/145 MP: 6/18
 23382 | Lair:5   | Found a hole to the Spider Nest.
 23787 | Lair:6   | Reached skill level 17 in Fighting
 23848 | Lair:6   | Reached skill level 15 in Axes
 25728 | Lair:8   | Entered Level 8 of the Lair of Beasts
 25813 | Lair:8   | Received a gift from Trog
 25873 | Lair:8   | Received a gift from Trog
 26080 | Lair:8   | Received a gift from Trog
 26294 | Lair:8   | Received a gift from Trog
 26819 | Lair:8   | Found a viscous altar of Jiyva.
 26822 | Lair:8   | Found a staircase to the Slime Pits.
 27472 | Orc:1    | Entered Level 1 of the Orcish Mines
 27483 | Orc:1    | Reached skill level 15 in Shields
 27566 | Orc:1    | Noticed an orc warlord
 27572 | Orc:1    | Reached skill level 18 in Fighting
 27581 | Orc:1    | Killed an orc warlord
 27777 | Orc:2    | Entered Level 2 of the Orcish Mines
 27932 | Orc:2    | Found a staircase to the Elven Halls.
 27968 | Orc:2    | Noticed Saint Roka
 28002 | Orc:2    | Killed Saint Roka
 28002 | Orc:2    | Reached XP level 16. HP: 46/157 MP: 6/19
 28109 | Orc:2    | Noticed puimuR's ghost (journeyman TrWr)
 28123 | Orc:2    | Killed puimuR's ghost
 28161 | Orc:2    | Noticed Maurice
 28162 | Orc:2    | Noticed Snorg
 28172 | Orc:2    | Killed Maurice
 28176 | Orc:2    | Killed Snorg
 28192 | Orc:2    | Found Dif Bol's Weapon Shop.
 28206 | Orc:2    | Received a gift from Trog
 28232 | Orc:2    | Found Vuimyidd's Gadget Boutique.
 28272 | Orc:2    | Found Nurrukko's Armour Emporium.
 28287 | Orc:2    | Found Fiffoo's General Store.
 28313 | Orc:2    | Bought the +6 morningstar of Disorder {flame, +Fly Stlth+} for 736 gold pieces
 28642 | Elf:1    | Entered Level 1 of the Elven Halls
 28705 | Elf:1    | Got a twisted plate armour
 28707 | Elf:1    | Identified the cursed +1 plate armour "Sirij" {rC- Int+3 Stlth+} (You found it on level 1 of the Elven Halls)
 28836 | Elf:1    | Found Bailuthru's Distillery.
 28852 | Elf:1    | Found Vaoril's Jewellery Boutique.
 28854 | Elf:1    | Bought a potion of heal wounds for 80 gold pieces
 28854 | Elf:1    | Bought a potion of heal wounds for 80 gold pieces
 28854 | Elf:1    | Bought a potion of heal wounds for 80 gold pieces
 28854 | Elf:1    | Bought a potion of invisibility for 128 gold pieces
 28863 | Elf:1    | Bought the amulet of Wiffisy {Reflect +Blink SH+2} for 546 gold pieces
 29137 | Elf:1    | Noticed Donald
 29145 | Elf:1    | Killed Donald
 29167 | Elf:1    | Noticed Frances
 29176 | Elf:1    | Killed Frances
 29256 | Elf:1    | Noticed Louise
 29291 | Elf:1    | Killed Louise
 29338 | Elf:1    | Reached skill level 19 in Fighting
 29354 | Elf:1    | Found a portal to a secret trove of treasure.
 30003 | Elf:1    | Received a gift from Trog
 30459 | Elf:2    | Found a runed gate.
 30459 | Elf:2    | Found a runed gate.
 30462 | Elf:2    | Found a runed gate.
 30556 | Elf:2    | Reached XP level 17. HP: 140/168 MP: 6/20
 30667 | Elf:2    | Found Huvul's Antique Weapon Shoppe.
 30676 | Elf:2    | Bought an executioner's axe for 260 gold pieces
 30731 | Elf:2    | Gained mutation: You evolve. [potion of mutation]
 30731 | Elf:2    | Gained mutation: Your magical capacity is low (-10% MP). [potion of mutation]
 30731 | Elf:2    | Gained mutation: You are partially covered in large bone plates (AC +2, SH +2). [potion of mutation]
 31003 | Elf:2    | Received a gift from Trog
 32349 | Elf:3    | Entered Level 3 of the Elven Halls
 32368 | Elf:3    | Noticed Norris
 32387 | Elf:3    | Reached skill level 20 in Fighting
 32388 | Elf:3    | Killed Norris
 32667 | Elf:3    | Received a gift from Trog
 32854 | Elf:3    | Gained mutation: You have sharp fingernails. [evolution]
 33206 | Elf:3    | Noticed a deep elf blademaster
 33697 | Elf:3    | Noticed a Brimstone Fiend
 33708 | Elf:3    | Killed a deep elf blademaster
 33711 | Elf:3    | Cast into level 4 of the Abyss (a deep elf sorcerer)
 33725 | Abyss:4  | Noticed a bone dragon
 33742 | Abyss:4  | Killed a bone dragon
 33820 | Abyss:4  | Reached XP level 18. HP: 86/180 MP: 6/19
 33923 | Elf:3    | Escaped the Abyss
 34139 | Elf:3    | HP: 4/180 [deep elf annihilator/bolt of lightning (38)]
 34289 | Elf:3    | Received a gift from Trog
 34821 | Elf:3    | Got a clouded ruby amulet
 35385 | Elf:3    | Got a serpentine jade ring
 35772 | Swamp:1  | Entered Level 1 of the Swamp
 36042 | Swamp:1  | Identified the ring of Soanep {*Tele Slay+2} (You found it on level 3 of the Elven Halls)
 36407 | Swamp:1  | Reached skill level 15 in Armour
 36513 | Swamp:2  | Noticed Aizul
 36530 | Swamp:2  | Killed Aizul
 37161 | Swamp:2  | Received a gift from Trog
 37161 | Swamp:2  | Reached skill level 21 in Fighting
 37655 | Swamp:2  | Noticed Roxanne
 37667 | Swamp:2  | Killed Roxanne
 38746 | Swamp:3  | Identified a scroll of acquirement
 38760 | Swamp:3  | Identified a +2 pair of boots of running (You acquired it on level 3 of the Swamp)
 39043 | Swamp:3  | Reached XP level 19. HP: 181/190 MP: 20/20
 39554 | Swamp:4  | Entered Level 4 of the Swamp
 39634 | Swamp:4  | HP: 8/190 [eight-headed hydra (7)]
 39634 | Swamp:4  | HP: 3/190 [eight-headed hydra (1)]
 39635 | Swamp:4  | Killed from afar by a bog body

Skill      XL: |  1  2  3  4  5  6  7  8  9 10 11 12 13 14 15 16 17 18 |
---------------+-------------------------------------------------------+-----
Shields        | 4 5 6 8 9 10 11 12 13 15 16 17 | 17.1
Fighting       | 4 5 7 8 9 11 13 15 16 18 19 20 21 | 21.5
Armour         | 4 5 6 7 8 9 10 11 12 13 14 15 | 15.3
Dodging        | 1 2 3 4 5 6 7 8 9 10 12 13 | 13.2
Axes           | 3 4 5 7 8 10 11 13 14 16 17 18 19 | 19.9
Evocations     | 2 3 5 6 |  6.2
Polearms       | 2 |  2.7

Action                   |  1- 3 |  4- 6 |  7- 9 | 10-12 | 13-15 | 16-18 | 19-21 || total
-------------------------+-------+-------+-------+-------+-------+-------+-------++-------
Melee: War axe           |    94 |   193 |   304 |   596 |       |       |       ||  1187
       Headbutt          |    16 |    31 |    66 |   151 |   359 |   241 |    13 ||   877
       Kick              |       |       |       |   100 |   211 |       |       ||   311
       Broad axe         |       |       |       |    30 |  1214 |   721 |       ||  1965
       Spear             |       |       |       |    30 |    92 |       |       ||   122
       Executioner's axe |       |       |       |       |       |   212 |    36 ||   248
       Morningstar       |       |       |       |       |       |    39 |    14 ||    53
Invok: Berserk           |       |       |     1 |    25 |    23 |    22 |     1 ||    72
       Burn Spellbooks   |       |       |       |       |     6 |     4 |       ||    10
       Brothers in Arms  |       |       |       |       |     3 |     1 |       ||     4
Evoke: Wand              |       |       |     1 |     7 |     6 |     2 |       ||    16
       Deck              |       |       |       |       |     2 |     3 |       ||     5
       Sack of spiders   |       |       |       |       |       |     1 |       ||     1
  Use: Scroll            |     4 |     7 |     9 |    14 |    17 |    18 |       ||    69
       Potion            |     1 |     2 |     1 |    11 |     8 |    16 |     1 ||    40
 Stab: Paralysed         |       |       |       |     8 |     3 |       |       ||    11
       Distracted        |       |       |       |       |       |     1 |       ||     1
       Confused          |       |       |       |       |       |     1 |       ||     1
       Held in net/web   |       |       |       |       |       |     1 |       ||     1
  Eat: Bread ration      |     1 |       |     2 |     6 |     7 |     7 |       ||    23
       Meat ration       |       |     1 |     1 |     3 |     1 |     2 |       ||     8
       Beef jerky        |       |       |     1 |     2 |     5 |     2 |       ||    10
       Fruit             |       |       |       |     1 |     2 |     2 |       ||     5
       Royal jelly       |       |       |       |       |    14 |     8 |       ||    22
       Pizza             |       |       |       |       |     1 |     1 |       ||     2
Armor: Scale mail        |    61 |   102 |    93 |    67 |       |       |       ||   323
       Chain mail        |       |       |       |   120 |   235 |       |       ||   355
       Skin              |       |       |       |   124 |     4 |       |       ||   128
       Plate armour      |       |       |       |       |   212 |   435 |    67 ||   714
Dodge: Dodged            |    38 |    80 |   137 |   276 |   482 |   432 |    56 ||  1501
Block: Shield            |    58 |   157 |   181 |   445 |   926 |   585 |       ||  2352
       Reflection        |       |       |       |       |       |    80 |       ||    80
       Other             |       |       |       |       |       |    69 |    11 ||    80
